 Dungeon Crawl Stone Soup version 0.26-b1-32-g5d43845318 (webtiles) character file.

Game seed: 1711959177579025022

4566 MisterFreud the Cudgeller (level 10, -11/96 HPs)
             Began as a Troll Fighter on Jan 12, 2021.
             Was a Priest of Ashenzari.
             Mangled by a two-headed ogre
             ... wielding a +0 giant spiked club
              (21 damage)
             ... on level 8 of the Dungeon.
             The game lasted 00:12:39 (6542 turns).

MisterFreud the Cudgeller (Troll Fighter)           Turns: 6542, Time: 00:12:40

Health: -11/96     AC:  7    Str: 26    XL:     10   Next: 18%
Magic:  0/9        EV: 10    Int:  7    God:    Ashenzari [***...]
Gold:   335        SH: 11    Dex:  9    Spells: 9/9 levels left

rFire    . . .     SeeInvis +   o - +2 whip (drain) (curse)
rCold    . . .     Faith    .   b - +0 kite shield (curse)
rNeg     . . .     Spirit   +   a - +0 robe
rPois    .         Reflect  .   (helmet restricted)
rElec    .         Harm     .   k - +0 cloak
rCorr    +         Rampage  .   (gloves unavailable)
Will     .....                  (boots unavailable)
Stlth    +.........             t - amulet of guardian spirit
HPRegen  0.66/turn              C - ring of resist corrosion
MPRegen  0.11/turn              (no ring)

@: lethally poisoned (-11 -> -12)
A: large, unfitting armour, claws 3, regeneration 1, shaggy fur 1, tough skin 3
a: Renounce Religion, Curse Item, Scrying


You were on level 8 of the Dungeon.
You worshipped Ashenzari.
Ashenzari was most pleased with you.
You visited 1 branch of the dungeon, and saw 9 of its levels.

You collected 335 gold pieces.

Inventory:

Hand Weapons
 o - a cursed +2 whip of draining (weapon)
 z - a +5 flail of protection
Missiles
 f - 16 poisoned darts (quivered)
 B - 5 boomerangs
 K - a throwing net
Armour
 a - a +0 robe (worn)
 b - a cursed +0 kite shield (worn)
 k - a +0 cloak (worn)
Jewellery
 t - an amulet of guardian spirit (around neck)
 C - a ring of resist corrosion (left claw)
 H - a +6 ring of intelligence
 L - a +6 ring of intelligence
Wands
 q - a wand of acid (4)
 s - a wand of flame (38)
 u - a wand of polymorph (5)
 F - a wand of iceblast (4)
 J - a wand of random effects (14)
Scrolls
 d - 10 scrolls of identify {unknown}
 m - a scroll of amnesia {unknown}
 p - 2 scrolls of teleportation {unknown}
 r - 3 scrolls of blinking {unknown}
 v - a scroll of enchant weapon {unknown}
 x - a scroll of immolation {unknown}
 y - 2 scrolls of random uselessness {unknown}
 A - a scroll of fear {unknown}
 G - a scroll of remove curse
Potions
 c - 2 potions of might
 e - 3 potions of lignification {unknown}
 g - a potion of resistance {unknown}
 h - 5 potions of flight {unknown}
 i - 3 potions of curing {unknown}
 j - 2 potions of haste
 l - 3 potions of ambrosia {unknown}
 n - 2 potions of degeneration {unknown}
 w - a potion of mutation {unknown}
 D - a potion of attraction {unknown}
 E - a potion of heal wounds {unknown}
 I - a potion of invisibility {unknown}


   Skills:
 - Level 5.0 Fighting
 - Level 7.6(10.6) Maces & Flails
 - Level 1.4 Throwing
 - Level 2.4 Dodging
 - Level 6.6(8.5) Shields
 - Level 5.3 Unarmed Combat
 + Level 4.8 Evocations


You had 9 spell levels left.
You didn't know any spells.
Your spell library contained the following spells:

 Spells                   Type           Power        Failure   Level
 Foxfire                  Conj/Fire      0%           45%         1
 Shock                    Conj/Air       0%           45%         1
 Swiftness                Air            0%           58%         2
 Conjure Flame            Conj/Fire      0%           83%         3
 Inner Flame              Hex/Fire       0%           83%         3
 Static Discharge         Conj/Air       0%           83%         3
 Airstrike                Air            0%           99%         4
 Sticky Flame             Conj/Fire      0%           99%         4
 Fireball                 Conj/Fire      0%           100%        5
 Lightning Bolt           Conj/Air       0%           100%        5


Dungeon Overview and Level Annotations

Branches:
Dungeon (9/15)
 Temple: D:4-7         Lair: D:8-11         Orc: D:9-12

Altars:
Ashenzari
Fedhas

Shops:
D:6 [

Annotations:
D:6 Duvessa


Innate Abilities, Weirdness & Mutations

You are too large for most types of armour.
You have claws for hands.
Your natural rate of healing is unusually fast.
You are covered in fur. (AC +1)
You have extremely tough skin. (AC +3)


Message History

The two-headed ogre is moderately wounded.
The bolt of acid misses the yak.
The bolt of acid hits the killer bee!
The killer bee is splashed with acid.
You kill the killer bee!
You feel sick. The wyvern skeleton closely misses you. The yak gores you!
* * * LOW HITPOINT WARNING * * *
Unknown command.
Unknown command.
The two-headed ogre barely misses you.
The two-headed ogre hits you with a +0 giant club.
* * * LOW HITPOINT WARNING * * *
The wyvern skeleton closely misses you. The wyvern skeleton bites you.
* * * LOW HITPOINT WARNING * * *
You feel sick.
You feel yourself speed up. You block the yak's attack. The yak gores you!
* * * LOW HITPOINT WARNING * * *
The two-headed ogre hits you with a +0 giant spiked club!!
You die...

...## * * ,,....#######
,##...#.....# , *
#####>.........## ,
#...#....[....... *
#.....#.......... , *
#.....##.......#. , , , *
##......Z.........
........OYO@....... * ,
,......#.##.##...... ,
,.....##............ , ,
....... ................
.......!..................
##......?........$.......#..
.#..........................
*
.....?......................
........., .#**#..........
,*


You could see a two-headed ogre, a yak, an ogre and a wyvern skeleton.

Vanquished Creatures
  Maurice (D:8)
  4 yaks
  A wyvern (D:7)
  Menkaure (D:5)
  Edmund (D:5)
  A water moccasin (D:9)
  3 sky beasts
  An orc warrior (D:6)
  A black bear (D:7)
  2 necrophages
  An ice beast (D:7)
  2 ogres
  A centaur (D:5)
  A big kobold (D:7)
  A bullfrog (D:7)
  4 scorpions
  2 water moccasin skeletons
  Dowan (D:6)
  A killer bee (D:8)
  14 wights
  2 howler monkeys
  3 bullfrog zombies
  3 hounds
  A quasit (D:7)
  A jelly (D:9)
  A bullfrog skeleton (D:6)
  An orc priest (D:5)
  7 orc wizards
  An iguana (D:7)
  Ijyb (D:4)
  5 worker ants
  A killer bee zombie (D:5)
  A hound zombie (D:7)
  A worker ant zombie (D:6)
  A howler monkey zombie (D:6)
  8 adders
  4 gnolls (D:8)
  A shadow imp (D:6)
  3 white imps (D:6)
  3 ufetubi
  An ooze (D:2)
  2 adder zombies
  2 adder skeletons (D:4)
  A worm (D:2)
  2 dart slugs
  2 leopard geckos
  21 orcs
  6 bats
  6 giant cockroaches
  9 goblins
  8 hobgoblins
  9 jackals
  13 kobolds
  3 quokkas
  5 ball pythons
  A ball python skeleton (D:5)
  5 frilled lizards
  11 rats
200 creatures vanquished.

Vanquished Creatures (others)
  An orc (D:6)
1 creature vanquished.

Grand Total: 201 creatures vanquished

Notes
Turn   | Place    | Note
-------+----------+-------------------------------------------
     0 | D:1      | MisterFreud the Troll Fighter began the quest for the Orb.
     0 | D:1      | Reached XP level 1. HP: 22/22 MP: 0/0
   133 | D:1      | Reached XP level 2. HP: 23/29 MP: 1/1
   380 | D:1      | Reached XP level 3. HP: 36/36 MP: 2/2
   836 | D:2      | Reached XP level 4. HP: 44/44 MP: 3/3
  1303 | D:3      | Reached skill level 5 in Unarmed Combat
  1303 | D:3      | Reached XP level 5. HP: 42/50 MP: 4/4
  1507 | D:3      | Found a faded altar of an unknown god.
  1521 | D:3      | Became a worshipper of Ashenzari the Shackled
  1521 | D:3      | Reached * piety under Ashenzari
  1889 | D:4      | Reached skill level 1 in Maces & Flails
  1990 | D:4      | Reached skill level 2 in Maces & Flails
  2112 | D:4      | Reached XP level 6. HP: 27/59 MP: 5/5
  2312 | D:4      | Reached skill level 3 in Maces & Flails
  2378 | D:4      | Noticed Ijyb
  2391 | D:4      | Killed Ijyb
  2732 | D:4      | Reached skill level 4 in Maces & Flails
  2877 | D:5      | Entered Level 5 of the Dungeon
  3053 | D:5      | Reached skill level 5 in Maces & Flails
  3053 | D:5      | Reached XP level 7. HP: 53/66 MP: 6/6
  3189 | D:5      | Noticed Menkaure
  3197 | D:5      | Killed Menkaure
  3201 | D:5      | Reached skill level 6 in Maces & Flails
  3378 | D:5      | Noticed Edmund
  3400 | D:5      | Killed Edmund
  3458 | D:5      | Reached ** piety under Ashenzari
  3575 | D:5      | Reached skill level 7 in Maces & Flails
  3575 | D:5      | Reached XP level 8. HP: 67/74 MP: 7/7
  4272 | D:6      | Noticed Dowan
  4285 | D:6      | Killed Dowan
  4285 | D:6      | Noticed Duvessa
  4520 | D:6      | Found Giyhit's Antique Armour Boutique.
  4676 | D:6      | Found a blossoming altar of Fedhas.
  5057 | D:7      | Reached XP level 9. HP: 76/84 MP: 6/8
  5064 | D:7      | You fall into a shaft and drop 1 floor!
  5105 | D:7      | Reached skill level 5 in Fighting
  5141 | D:7      | Reached skill level 1 in Throwing
  5202 | D:7      | Reached skill level 5 in Shields
  5700 | D:8      | Noticed Maurice
  5736 | D:7      | Reached skill level 1 in Evocations
  6027 | D:8      | Reached XP level 10. HP: 13/96 MP: 3/9
  6216 | D:8      | HP: 1/96 [something (11)]
  6244 | D:8      | Killed Maurice
  6452 | D:8      | Reached *** piety under Ashenzari
  6533 | D:8      | Noticed a two-headed ogre
  6542 | D:8      | Mangled by a two-headed ogre

Illustrated notes

Levels and vault maps discovered:
D:1:      co_arrival_random_square_maze, layout_basic, minmay_shallow_snake_nest
D:2:      layout_rooms, st_stairs_8
D:3:      layout_basic, chequers_ecumenical_altar_twisty
D:4:      wad_river_or_something, layout_basic, uniq_ijyb
D:5:      layout_cave_pods, uniq_menkaure, uniq_edmund
D:6:      layout_loops_corners, lemuel_crystal_altar, kennysheep_small_circle,
          uniq_duvessa
D:7:      layout_rooms, minmay_temple_entry_butterflies
D:8:      layout_cave_pools, grunt_dithmenos_shadows, uniq_maurice
D:9:      layout_rooms

Skill      XL: |  1  2  3  4  5  6  7  8  9 10 |
---------------+-------------------------------+-----
Unarmed Combat | 3 4 5 |  5.3
Maces & Flails | 2 5 7 |  7.6
Fighting       | 4 5 |  5.0
Shields        | 4 6 |  6.6
Throwing       | 1 |  1.4
Evocations     | 3 4 |  4.8
Dodging        | |  2.4

Action                   |  1- 3 |  4- 6 |  7- 9 | 10-12 || total
-------------------------+-------+-------+-------+-------++-------
Melee: Unarmed           |   112 |    57 |       |       ||   169
       Whip              |       |   158 |   650 |    59 ||   867
Invok: Curse Item        |       |     2 |       |       ||     2
Evoke: Wand              |       |       |     3 |     3 ||     6
 Stab: Sleeping          |       |     3 |       |     1 ||     4
Armor: Robe              |    44 |    62 |   111 |    11 ||   228
       Skin              |       |     8 |       |       ||     8
Dodge: Dodged            |    21 |    48 |   119 |    24 ||   212
Block: Kite shield       |    33 |    88 |   218 |    36 ||   375
